Map: [ESL] Site Delta

Players

Classic - Winner!

  • Race: Protoss Protoss
  • Spawn Location: 5:00

ShoWTimE

  • Race: Protoss Protoss
  • Spawn Location: 11:00

Event: ESL SC2 Masters 2023 Winter (Finals)

VOD

Have the link to the VOD?

Description

Time

  • Played on: Dec. 15, 2023, 11:06 a.m.
  • Length: 10:35

All games in this series

Show
View Real Time Build Order
Export as new Build Order

Classic Protoss - Winner!

Build Orders: Phoenix Opening, Mass Phoenix 

Get SALT Encoding   

  12  0:00  Probe  
  13  0:12  Probe  
  14  0:18  Pylon  
  14  0:24  Probe  
  15  0:36  Probe (Chrono Boost)  
  15  0:37  Gateway  
  16  0:45  Probe (Chrono Boost)  
  16  0:46  Assimilator  
  17  0:50  Probe  
  18  1:03  Probe  
  19  1:15  Assimilator, Probe (Chrono Boost)  
  19  1:16  Pylon  
  20  1:25  Cybernetics Core, Probe (Chrono Boost)  
  21  1:30  Probe (Chrono Boost)  
  22  1:34  Zealot  
  24  1:41  Probe  
  25  1:53  Probe  
  26  2:01  Stargate  
  26  2:16  Nexus  
  26  2:23  Stalker  
  28  2:32  Pylon  
  28  2:35  Probe  
  29  2:43  Phoenix (Chrono Boost)  
  31  2:51  Shield Battery  
  31  2:55  Probe  
  32  3:01  Phoenix  
  34  3:07  Probe  
  35  3:19  Probe (Chrono Boost)  
  36  3:26  Shield Battery, Phoenix  
  37  3:28  Probe (Chrono Boost)  
  37  3:31  Probe (Chrono Boost)  
  39  3:38  Probe (Chrono Boost)  
  39  3:39  Probe (Chrono Boost)  
  41  3:41  Warp Gate  
  41  3:42  Probe (Chrono Boost)  
  41  3:45  Probe  
  43  3:51  Phoenix  
  43  3:54  Probe  
  46  3:57  Probe  
  46  3:59  Assimilator  
  46  4:02  Stargate  
  47  4:04  Assimilator  
  47  4:06  Probe  
  47  4:09  Probe  
  49  4:11  Pylon  
  49  4:16  Phoenix  
  51  4:21  Probe x2  
  53  4:33  Probe  
  53  4:34  Probe  
  55  4:39  Pylon  
  55  4:41  Phoenix  
  56  4:46  Probe x2, Phoenix  
  60  4:58  Probe x2  
  60  5:01  Fleet Beacon  
  60  5:08  Phoenix  
  60  5:10  Probe  
  63  5:18  Pylon  
  63  5:19  Phoenix  
  65  5:29  Probe x2  
  65  5:30  Pylon  
  65  5:35  Phoenix  
  68  5:38  Anion Pulse-Crystals (Chrono Boost)  
  68  5:46  Phoenix  
  70  5:52  Nexus  
  70  5:53  Phoenix  
  70  6:00  Probe x2  
  70  6:04  Pylon  
  74  6:05  Phoenix (Chrono Boost)  
  74  6:12  Probe  
  74  6:13  Probe  
  74  6:14  Phoenix (Chrono Boost)  
  78  6:21  Pylon  
  78  6:24  Probe  
  78  6:25  Probe  
  84  6:35  Phoenix (Chrono Boost)  
  84  6:36  Phoenix (Chrono Boost)  
  84  6:37  Probe x2  
  87  6:42  Assimilator  
  87  6:46  Assimilator  
  87  6:49  Probe x2  
  89  6:54  Phoenix  
  89  7:01  Probe x2  
  93  7:05  Phoenix  
  95  7:11  Probe  
  95  7:13  Probe  
  85  7:21  Probe, Phoenix (Chrono Boost)  
  86  7:23  Probe  
  86  7:24  Stargate  
  86  7:25  Probe  
  86  7:29  Phoenix (Chrono Boost)  
  88  7:33  Probe  
  88  7:35  Pylon, Probe  
  92  7:37  Probe  
  92  7:41  Phoenix (Chrono Boost)  
  95  7:46  Phoenix (Chrono Boost), Probe  
  95  7:47  Probe  
  95  7:49  Probe  
  95  7:50  Nexus  
  100  7:51  Pylon  
  100  7:56  Stargate  
  98  8:01  Phoenix (Chrono Boost)  
  100  8:06  Phoenix (Chrono Boost), Pylon  
  100  8:08  Phoenix (Chrono Boost)  
  104  8:14  Pylon  
  104  8:18  Phoenix (Chrono Boost), Probe x3  
  107  8:21  Zealot  
  107  8:22  Phoenix (Chrono Boost)  
  115  8:29  Phoenix (Chrono Boost)  
  114  8:38  Gateway  
  118  8:44  Phoenix (Chrono Boost)  
  118  8:45  Probe x3  
  118  8:47  Phoenix x2 (Chrono Boost)  
  118  8:48  Pylon  
  123  8:49  Pylon  
  123  8:50  Assimilator  
  123  8:54  Assimilator  
  123  8:55  Phoenix (Chrono Boost)  
  125  8:58  Gateway  
  125  9:02  Probe x4  
  129  9:08  Phoenix (Chrono Boost)  
  129  9:10  Phoenix (Chrono Boost)  
  129  9:13  Phoenix (Chrono Boost)  
  129  9:14  Phoenix (Chrono Boost)  
  129  9:17  Zealot  
  135  9:25  Phoenix (Chrono Boost)  
  135  9:26  Phoenix (Chrono Boost)  
  135  9:28  Pylon  
  135  9:31  Phoenix  
  127  9:44  Phoenix (Chrono Boost)  
  115  9:48  Phoenix (Chrono Boost)  
  115  9:50  Zealot  
  115  9:51  Zealot, Phoenix (Chrono Boost)  
  119  9:54  Shield Battery  
  119  9:56  Shield Battery  
  119  9:58  Shield Battery  
  121  10:04  Phoenix (Chrono Boost)  
  121  10:09  Phoenix (Chrono Boost)  
Show
View Real Time Build Order
Export as new Build Order

ShoWTimE Protoss 

Build Orders: Phoenix Opening, Mass Phoenix 

Get SALT Encoding   

  12  0:00  Probe  
  13  0:12  Probe  
  14  0:18  Pylon  
  14  0:24  Probe (Chrono Boost)  
  15  0:36  Probe (Chrono Boost)  
  15  0:38  Gateway  
  16  0:45  Probe (Chrono Boost)  
  16  0:46  Assimilator  
  17  0:50  Probe  
  18  1:03  Probe  
  19  1:15  Probe (Chrono Boost)  
  19  1:17  Assimilator  
  19  1:18  Pylon  
  20  1:24  Cybernetics Core  
  21  1:25  Probe (Chrono Boost)  
  21  1:30  Probe (Chrono Boost)  
  22  1:39  Zealot  
  24  1:41  Probe  
  24  1:43  Pylon  
  25  1:53  Probe  
  26  2:01  Stargate  
  26  2:06  Adept  
  28  2:29  Nexus  
  28  2:31  Pylon  
  28  2:33  Probe  
  29  2:47  Phoenix (Chrono Boost)  
  29  2:49  Probe  
  32  3:01  Probe  
  32  3:03  Phoenix (Chrono Boost)  
  34  3:14  Probe  
  35  3:22  Assimilator  
  35  3:23  Phoenix (Chrono Boost)  
  35  3:26  Probe  
  38  3:32  Stargate  
  38  3:38  Probe  
  39  3:44  Probe (Chrono Boost)  
  39  3:45  Phoenix  
  44  3:56  Probe x2 (Chrono Boost)  
  44  4:01  Probe (Chrono Boost)  
  46  4:03  Probe (Chrono Boost)  
  46  4:07  Assimilator  
  46  4:10  Phoenix (Chrono Boost), Pylon  
  46  4:12  Probe  
  49  4:20  Probe  
  52  4:24  Probe  
  52  4:25  Phoenix (Chrono Boost)  
  53  4:32  Phoenix (Chrono Boost)  
  53  4:33  Probe  
  56  4:42  Pylon  
  56  4:43  Probe  
  56  4:45  Probe  
  60  4:46  Phoenix (Chrono Boost)  
  60  4:52  Phoenix (Chrono Boost)  
  62  5:00  Probe x2  
  62  5:05  Pylon  
  64  5:11  Phoenix x2 (Chrono Boost)  
  64  5:12  Probe  
  69  5:16  Probe  
  68  5:29  Pylon, Probe  
  68  5:32  Phoenix  
  71  5:36  Fleet Beacon  
  71  5:40  Probe  
  72  5:44  Phoenix  
  74  5:56  Nexus  
  74  5:57  Probe x2  
  74  6:02  Phoenix  
  78  6:09  Probe  
  78  6:10  Probe  
  80  6:12  Pylon  
  80  6:14  Phoenix  
  80  6:17  Anion Pulse-Crystals (Chrono Boost)  
  82  6:22  Probe x2  
  84  6:29  Assimilator  
  84  6:31  Phoenix  
  86  6:35  Assimilator  
  86  6:36  Probe x2  
  88  6:41  Phoenix  
  88  6:45  Pylon  
  90  6:53  Probe x2  
  90  6:56  Phoenix (Chrono Boost)  
  86  7:05  Probe x2  
  86  7:06  Phoenix (Chrono Boost)  
  72  7:18  Phoenix (Chrono Boost)  
  72  7:21  Probe  
  72  7:22  Probe  
  71  7:26  Phoenix (Chrono Boost)  
  71  7:29  Probe  
  74  7:30  Shield Battery  
  74  7:33  Probe  
  74  7:34  Probe  
  78  7:42  Probe  
  78  7:43  Phoenix x2 (Chrono Boost)  
  81  7:45  Probe  
  81  7:46  Probe  
  83  7:55  Probe (Chrono Boost)  
  90  8:00  Pylon  
  90  8:02  Mothership (Chrono Boost), Probe (Chrono Boost)  
  91  8:06  Stargate  
  91  8:07  Phoenix  
  91  8:09  Pylon  
  91  8:11  Probe (Chrono Boost)  
  95  8:14  Probe (Chrono Boost)  
  95  8:18  Probe  
  96  8:21  Robotics Facility, Pylon  
  96  8:22  Probe  
  99  8:29  Zealot  
  99  8:30  Probe  
  99  8:34  Phoenix x2 (Chrono Boost)  
  102  8:35  Probe  
  104  8:45  Probe (Chrono Boost)  
  106  8:50  Phoenix (Chrono Boost)  
  106  8:52  Probe (Chrono Boost)  
  106  8:53  Phoenix (Chrono Boost)  
  113  8:56  Phoenix (Chrono Boost)  
  113  8:58  Probe (Chrono Boost)  
  113  9:00  Nexus, Probe (Chrono Boost)  
  114  9:06  Probe  
  114  9:07  Probe  
  116  9:11  Probe  
  116  9:13  Phoenix (Chrono Boost)  
  116  9:14  Observer (Chrono Boost)  
  122  9:18  Probe, Pylon  
  122  9:19  Assimilator  
  122  9:22  Phoenix (Chrono Boost)  
  125  9:24  Assimilator, Phoenix (Chrono Boost)  
  125  9:27  Probe x2  
  125  9:28  Stargate  
  119  9:40  Phoenix (Chrono Boost)  
  119  9:44  Phoenix (Chrono Boost)  
  111  9:49  Phoenix (Chrono Boost)  
Tags
 
Add a new tag
Caveats
  • Supply blocks, unpowered buildings, or Contaminate may cause inaccurate times.
  • Supply counts are checked every 10 seconds.